 Dungeon Crawl Stone Soup version 0.29-a0-495-g17b79114eb (webtiles) character file.

Game seed: 7756944703995758811

85607 Pooter the Severer (level 15, 0/139 HPs)
             Began as a Minotaur Berserker on May 27, 2022.
             Was an Elder of Trog.
             Slain by a vault guard
             ... wielding a +0 war axe
              (5 damage)
             ... on level 14 of the Dungeon on May 28, 2022.
             The game lasted 02:39:22 (33626 turns).

Pooter the Severer (Minotaur Berserker)            Turns: 33626, Time: 02:39:22

Health: 0/139      AC: 15    Str: 27    XL:     15   Next: 38%
Magic:  23/23      EV: 10    Int: 11    God:    Trog [****..]
Gold:   128        SH:  5    Dex: 17    Spells: 14/14 levels left

rFire   . . .      SeeInvis +   a - +6 executioner's axe "Ovoe" {vorpal, Int+5 SInv}
rCold   . . .      Faith    .   (shield currently unavailable)
rNeg    . . .      Spirit   .   I - +1 plate armour
rPois   +          Reflect  +   k - +2 hat {Stlth+}
rElec   .          Harm     .   w - scarf {repulsion}
rCorr   .          Rampage  .   (no gloves)
Will    +++..                   B - +0 pair of boots
Stlth   ..........              U - amulet of reflection
HPRegen 1.33/turn               H - ring of Gaumpeah {MP+9 Dex+7 SInv}
MPRegen 0.18/turn               P - ring of poison resistance

@: strong-willed, on berserk cooldown, regenerating, slowed, studying Polearms,
repel missiles, very slow
A: horns 2, retaliatory headbutt
a: Renounce Religion, Berserk, Trog's Hand, Brothers in Arms


You were on level 14 of the Dungeon.
You worshipped Trog.
Trog was greatly pleased with you.
You visited 3 branches of the dungeon, and saw 22 of its levels.
You also visited: Gauntlet.

You collected 1609 gold pieces.
You spent 1481 gold pieces at shops.

Inventory:

Hand Weapons
 a - the +6 executioner's axe "Ovoe" (weapon) {vorpal, Int+5 SInv}
   (You acquired it on level 13 of the Dungeon)

   It inflicts extra damage upon your enemies.
   Int:       It affects your intelligence (+5).
   SInv:      It lets you see invisible.
 b - a +1 hand crossbow of venom
   (You found it on level 10 of the Dungeon)
 p - a +3 broad axe
   (Trog gifted it to you on level 6 of the Lair of Beasts)
 s - a +0 demon trident of venom
   (You took it off a minotaur in a Gauntlet)
 L - a +1 flail of holy wrath
   (You took it off a gnoll on level 11 of the Dungeon)
Missiles
 h - 84 poisoned darts
 n - 5 boomerangs of dispersal {!f}
 o - 23 boomerangs (quivered)
 z - 4 silver javelins
 D - 4 throwing nets {!f}
 F - 5 atropa-tipped darts
 G - 2 curare-tipped darts
 K - 4 javelins
Armour
 k - a +2 hat of stealth (worn)
   (You found it on level 9 of the Dungeon)
 w - a scarf of repulsion (worn)
   (You bought it in a shop on level 6 of the Dungeon)
 B - a +0 pair of boots (worn)
   (You found it on level 1 of the Lair of Beasts)
 I - a +1 plate armour (worn)
   (You took it off an orc warrior on level 7 of the Dungeon)
 X - a +0 kite shield
   (You took it off a gnoll sergeant on level 11 of the Dungeon)
 Z - an orb of mayhem
   (You found it on level 3 of the Lair of Beasts)
Jewellery
 i - a ring of willpower
   (You found it on level 6 of the Lair of Beasts)
 u - a ring of flight
   (You found it on level 1 of the Lair of Beasts)
 H - the ring of Gaumpeah (left hand) {MP+9 Dex+7 SInv}
   (You bought it in a shop on level 1 of the Dungeon)

   [ring of see invisible]

   Dex:       It affects your dexterity (+7).
   MP:        It affects your magic capacity (+9).
   SInv:      It lets you see invisible.
 P - a ring of poison resistance (right hand)
   (You bought it in a shop on level 1 of the Dungeon)
 T - an amulet of regeneration
   (You found it on level 13 of the Dungeon)
 U - an amulet of reflection (around neck)
   (You found it on level 2 of the Lair of Beasts)
Wands
 d - a wand of iceblast (9)
   (You found it on level 7 of the Dungeon)
 f - a wand of flame (21)
   (You found it on level 9 of the Dungeon)
 v - a wand of digging (5)
   (You found it on level 12 of the Dungeon)
 x - a wand of acid (13)
   (You found it on level 4 of the Lair of Beasts)
 y - a wand of mindburst (18)
   (You found it on level 5 of the Dungeon)
 A - a wand of polymorph (7)
   (You found it on level 4 of the Dungeon)
Scrolls
 m - 2 scrolls of silence
 q - a scroll of immolation {!r}
 r - 6 scrolls of fog
 t - 7 scrolls of teleportation {@r4}
 M - 2 scrolls of poison
 Y - 7 scrolls of fear
Potions
 c - 3 potions of lignification {!q}
 e - 4 potions of mutation {!q}
 l - 6 potions of heal wounds {@q2}
 C - a potion of might
 E - 4 potions of flight
 J - 2 potions of cancellation
 O - 13 potions of curing {@q1}
 R - 4 potions of haste {@q3}
 S - a potion of magic
 V - 2 potions of resistance
 W - 2 potions of attraction {!q}
Miscellaneous
 j - a phial of floods
   (You found it in a Gauntlet)
 N - a phantom mirror (inert)
   (You found it on level 1 of the Lair of Beasts)
 Q - a tin of tremorstones (inert)
   (You found it on level 4 of the Lair of Beasts)


   Skills:
 + Level 14.6 Fighting
 * Level 17.4(18.8) Axes
 - Level 10.1(14.9) Maces & Flails
 - Level 6.5(13.0) Polearms
 - Level 10.2 Crossbows
 - Level 7.4 Throwing
 - Level 2.4 Armour
 - Level 6.0 Dodging
 - Level 4.5 Stealth
 - Level 6.5 Shields
 - Level 10.0 Evocations


You had 14 spell levels left.
You didn't know any spells.
Your spell library was empty.

Dungeon Overview and Level Annotations

Branches:
Dungeon (14/15)            Temple (0/1) D:4            Lair (6/6) D:11
  Swamp (0/4) Lair:4        Snake (0/4) Lair:2        Slime (0/5) Lair:5
    Orc (2/2) D:11            Elf (0/3) Orc:2       Gauntlet (visited)
 Vaults: D:13-14

Altars:
Ashenzari
Jiyva

Shops:
D:1 [*=*[   D:6 *   D:8 ?   Orc:1 [

Annotations:
D:5 2 runed translucent doors, croobank's ghost, amateur GnDe
D:7 2 transporters, GayMysterio's ghost, novice GrEE
Lair:5 1 runed translucent door


Innate Abilities, Weirdness & Mutations

You have a pair of horns on your head.
You reflexively headbutt those who attack you in melee.


Message History

The tremorstone explodes into fragments!
The burst of rock shards engulfs the tengu warrior.
The burst of rock shards engulfs the tengu warrior! x2
The burst of rock shards engulfs the tengu warrior.
The burst of rock shards engulfs you!
* * * LOW HITPOINT WARNING * * *
The tengu warrior shoots a bolt.
The bolt hits you!
* * * LOW HITPOINT WARNING * * *
The bolt freezes you.
* * * LOW HITPOINT WARNING * * *
Unknown command.
Unknown command.
You fail to use your ability.
The tengu warrior shoots a bolt.
The bolt hits you.
* * * LOW HITPOINT WARNING * * *
The bolt freezes you.
* * * LOW HITPOINT WARNING * * *
Unknown command.
The tremorstone explodes into fragments!
The burst of rock shards engulfs the human!
The burst of rock shards engulfs the vault guard!
The burst of rock shards engulfs the tengu warrior! x2
The burst of rock shards engulfs the human!
The burst of rock shards engulfs the vault guard!!
The burst of rock shards engulfs the tengu warrior!
The burst of rock shards engulfs the tengu warrior.
You kill the tengu warrior!
Trog accepts your kill.
The burst of rock shards engulfs the human!!
You kill the human!
Trog accepts your kill.
The burst of rock shards engulfs the vault guard!
The burst of rock shards engulfs the tengu warrior! x2
The burst of rock shards engulfs you but does no damage.
The tin is emptied!
You hear a shout! x2
Your skin crawls.
You feel strong-willed. You block the tengu warrior's attack.
The tengu warrior pecks you.
* * * LOW HITPOINT WARNING * * *
You block the tengu warrior's attack.
Unknown command.
You slice the tengu warrior!!
You kill the tengu warrior!
Trog accepts your kill.
You hit the vault guard but do no damage.
The vault guard hits you with a +0 war axe!!
* * * LOW HITPOINT WARNING * * *
The vault guard hits you with a +0 war axe.
You die...

############## #........†....
#####.############ #.....# #
#.##### # # #.# # #. #.# #
##### #.# #.# #
#...###.#.####@# #####
#...>..###..pp.# #....
#..?###.#.####### #.###
...###Q...........## #.# # #
#.p#############...######.###
#.#.# #............. #.#.#
#..>######.##. # #.p..p... #
#.##. ..'p....p #.##.


You could see a vault guard and a human.

Vanquished Creatures
  Azrael (D:13)
  A minotaur (Gauntlet)
  An ettin (D:11)
  3 boulder beetles
  7 hydras
  A ghost crab (Gauntlet)
  A centaur warrior (D:13)
  A catoblepas (Lair:6)
  3 two-headed ogres
  2 tengu warriors (D:14)
  An orc high priest (D:11)
  A fire crab (shapeshifter) (D:14)
  Pikel (D:8)
  An oklob plant (Lair:5)
  A deep elf zephyrmancer (D:9)
  11 ugly things
  2 deep elf pyromancers
  2 wolf spiders
  A manticore (D:14)
  3 cyclopes
  17 elephants
  A moth of wrath (shapeshifter) (Gauntlet)
  A guardian serpent (Lair:6)
  10 black mambas
  An eye of devastation (shapeshifter) (D:12)
  A torpor snail (Lair:6)
  16 cane toads
  A cane toad (shapeshifter) (D:14)
  2 unseen horrors (D:11)
  3 kobold demonologists
  10 rime drakes
  3 trolls
  6 komodo dragons
  4 hornets
  2 polar bears
  A tyrant leech (Lair:4)
  9 slime creatures
  27 dream sheep
  20 blink frogs
  A shadow (D:12)
  A culicivora (shapeshifter) (Gauntlet)
  A vampire (D:10)
  4 wraiths
  21 wyverns
  A ynoxinul (Gauntlet)
  7 basilisks
  78 yaks
  A human (D:14)
  2 fire elementals (D:13)
  A redback (Lair:6)
  6 vampire mosquitoes
  A warg (D:11)
  2 steam dragons (D:9)
  Edmund (D:5)
  2 swamp worms (Lair:4)
  4 nagas (Lair:2)
  An acid dragon (D:12)
  22 water moccasins
  Duvessa (D:4)
  4 hell hounds
  A floating eye (shapeshifter) (Gauntlet)
  A swamp drake (D:9)
  A sky beast (D:6)
  4 black bears
  10 orc warriors
  2 ice beasts (D:5)
  2 centaurs
  The ghost of siradein the Skirmisher, an amateur DsCK of Xom (D:3)
  16 wolves
  2 ogres
  3 phantoms
  10 kobold brigands
  A bullfrog (shapeshifter) (D:13)
  12 bullfrogs
  2 gnoll sergeants
  6 scorpions
  Dowan (D:4)
  5 wights (D:9)
  A killer bee (D:7)
  6 howler monkeys (D:12)
  2 electric eels
  A crimson imp (D:9)
  11 jellies
  3 hounds
  Crazy Yiuf (D:4)
  10 orc priests
  3 iron imps
  Natasha (twice) (D:4)
  An iguana (D:3)
  24 orc wizards
  8 hell rats (Lair:6)
  19 gnolls
  6 adders
  3 shadow imps
  2 white imps
  2 worms
  A dart slug (D:4)
  62 orcs
  15 endoplasms
  A giant cockroach (D:3)
  3 goblins
  8 hobgoblins
  3 jackals (D:1)
  40 kobolds
  8 quokkas
  4 ball pythons
  3 bats (D:1)
  3 frilled lizards
  4 rats
  3 fungi (Lair:5)
685 creatures vanquished.

Vanquished Creatures (others)
  A human (D:14)
  4 orcs (D:9)
  A bush (Lair:6)
  89 fungi
  117 plants
212 creatures vanquished.

Grand Total: 897 creatures vanquished

Notes
Turn   | Place    | Note
-------+----------+-------------------------------------------
     0 | D:1      | Pooter the Minotaur Berserker began the quest for the Orb.
     0 | D:1      | Reached XP level 1. HP: 19/19 MP: 0/0
   243 | D:1      | Found Kaemucab's General Store.
   327 | D:1      | Found Jivox's Jewellery Shop.
   390 | D:1      | Reached skill level 1 in Polearms
   390 | D:1      | Reached XP level 2. HP: 27/27 MP: 1/1
   507 | D:1      | Found Zasiot's Armour Shoppe.
   548 | D:1      | Found a faded altar of an unknown god.
   783 | D:1      | Found Louxepal's Assorted Antiques.
   798 | D:1      | Bought a scroll labelled AFITWI FUGUMIAGAOG for 22 gold
                  | pieces
   798 | D:1      | Bought a scroll labelled GOFOTO DOQEAZU for 22 gold pieces
   840 | D:1      | Found Puik's Antique Armour Boutique.
  1586 | D:2      | Reached XP level 3. HP: 33/33 MP: 2/2
  1701 | D:1      | Bought a scroll labelled JOMYECZ CAIPP for 22 gold pieces
  2398 | D:3      | Reached ** piety under Trog
  2512 | D:3      | Reached skill level 1 in Throwing
  2512 | D:3      | Reached XP level 4. HP: 41/41 MP: 3/3
  2897 | D:3      | Reached XP level 5. HP: 45/47 MP: 4/4
  3028 | D:3      | Found a runed translucent gate.
  3029 | D:3      | Found a runed translucent gate.
  3029 | D:3      | Found a runed translucent gate.
  3031 | D:3      | Noticed siradein's ghost (amateur DsCK)
  3370 | D:3      | Killed siradein's ghost
  3371 | D:3      | Reached skill level 5 in Fighting
  3371 | D:3      | Reached skill level 5 in Polearms
  3459 | D:4      | Noticed Duvessa
  3463 | D:4      | Noticed Dowan
  3468 | D:4      | Killed Duvessa
  3469 | D:4      | Reached XP level 6. HP: 56/56 MP: 5/5
  3521 | D:4      | Found a staircase to the Ecumenical Temple.
  3532 | D:4      | Killed Dowan
  3533 | D:4      | Reached skill level 1 in Evocations
  3731 | D:1      | Bought a scroll of identify for 44 gold pieces
  4130 | D:4      | Identified the +2 leather armour of Proximity {-Cast rPois
                  | Str+2 Dex+3}
  4257 | D:4      | Found a runed translucent door.
  4258 | D:4      | Noticed Crazy Yiuf
  4318 | D:4      | Noticed Natasha
  4322 | D:4      | Killed Natasha
  4424 | D:4      | Noticed Natasha
  4429 | D:4      | Killed Natasha
  4447 | D:4      | Reached XP level 7. HP: 62/62 MP: 6/6
  4503 | D:4      | Killed Crazy Yiuf
  4572 | D:5      | Entered Level 5 of the Dungeon
  4672 | D:5      | Found a large runed translucent door.
  4672 | D:5      | Found a large runed translucent door.
  4682 | D:5      | Noticed Edmund
  4692 | D:5      | Killed Edmund
  4693 | D:5      | Reached skill level 4 in Axes
  4700 | D:5      | You fall into a shaft and drop 1 floor!
  4701 | D:6      | Reached skill level 5 in Axes
  4855 | D:6      | Reached XP level 8. HP: 63/71 MP: 7/7
  5100 | D:1      | Bought a potion of lignification for 30 gold pieces
  5100 | D:1      | Bought a potion of flight for 30 gold pieces
  5445 | D:1      | Bought a glowing golden potion for 19 gold pieces
  5696 | D:5      | Noticed croobank's ghost (amateur GnDe)
  5790 | D:5      | Reached skill level 6 in Axes
  6308 | D:6      | Reached skill level 1 in Maces & Flails
  6557 | D:6      | Reached skill level 7 in Axes
  6896 | D:6      | Found Effaople's Neck Hole.
  6907 | D:6      | Reached XP level 9. HP: 73/79 MP: 8/8
  6987 | D:7      | Noticed a skeletal warrior
  6992 | D:7      | Found a transporter.
  7109 | D:7      | Reached skill level 5 in Throwing
  7363 | D:7      | Found a transporter.
  7363 | D:7      | Noticed GayMysterio's ghost (novice GrEE)
  7399 | D:7      | Reached skill level 8 in Axes
  7423 | D:7      | Reached *** piety under Trog
  7571 | D:7      | Noticed a boulder beetle
  7595 | D:7      | Killed a boulder beetle
  7596 | D:7      | Reached skill level 9 in Axes
  8450 | D:8      | Reached XP level 10. HP: 90/90 MP: 9/9
  8579 | D:8      | Noticed Prince Ribbit
  8580 | D:8      | Noticed Prince Ribbit
  8580 | D:8      | Prince Ribbit changed into Prince Ribbit the water moccasin
  8587 | D:8      | Killed Prince Ribbit the water moccasin
  8588 | D:8      | Reached skill level 5 in Evocations
  8649 | D:8      | Noticed Pikel
  8655 | D:8      | Killed Pikel
  8950 | D:8      | Found Ygim's Magic Scroll Shop.
  8958 | D:8      | Bought a scroll of identify for 28 gold pieces
  8958 | D:8      | Bought a scroll of identify for 28 gold pieces
  8958 | D:8      | Bought a scroll of identify for 28 gold pieces
  8958 | D:8      | Bought a scroll of identify for 28 gold pieces
  9010 | D:8      | Upgraded the game from 0.29-a0-490-g77b3608bb8 to
                  | 0.29-a0-495-g17b79114eb
  9043 | D:9      | Found a broken altar of Ashenzari.
  9069 | D:9      | Reached skill level 5 in Maces & Flails
  9440 | D:9      | Reached skill level 10 in Axes
  9703 | D:9      | Noticed a deep elf pyromancer
  9704 | D:9      | Noticed a deep elf zephyrmancer
  9724 | D:9      | Killed a deep elf zephyrmancer
  9748 | D:9      | Killed a deep elf pyromancer
  9900 | D:9      | Reached skill level 11 in Axes
 10849 | D:10     | Entered Level 10 of the Dungeon
 10889 | D:10     | Reached XP level 11. HP: 90/97 MP: 10/10
 11244 | D:10     | Noticed a two-headed ogre
 11255 | D:10     | Killed a two-headed ogre
 11868 | D:10     | Reached **** piety under Trog
 11873 | D:10     | Reached skill level 10 in Fighting
 11873 | D:10     | Reached skill level 1 in Crossbows
 12087 | D:11     | Reached skill level 12 in Axes
 12453 | D:11     | Noticed a two-headed ogre
 12469 | D:11     | Killed a two-headed ogre
 12546 | D:11     | Found a staircase to the Orcish Mines.
 12646 | D:6      | Bought a scarf of repulsion for 168 gold pieces
 12750 | D:11     | Found a staircase to the Lair.
 12903 | D:11     | Noticed a boulder beetle
 12912 | D:11     | Killed a boulder beetle
 13152 | D:11     | Reached XP level 12. HP: 93/108 MP: 11/11
 13453 | Lair:1   | Entered Level 1 of the Lair of Beasts
 13551 | Lair:1   | Reached skill level 13 in Axes
 13551 | Lair:1   | Reached skill level 5 in Crossbows
 14155 | Lair:1   | Noticed a seven-headed hydra
 14162 | Lair:1   | Killed a seven-headed hydra
 14169 | Lair:1   | Reached skill level 1 in Shields
 14460 | Lair:1   | You fall into a shaft and drop 1 floor!
 14535 | Lair:2   | Identified the +5 long sword of Lom Jay {pain, rElec Str+3
                  | Dex+4}
 14585 | Lair:2   | Noticed an eight-headed hydra
 14593 | Lair:2   | Killed an eight-headed hydra
 14991 | Lair:1   | Noticed a seven-headed hydra
 14998 | Lair:1   | Killed a seven-headed hydra
 15594 | Lair:2   | HP: 6/165 [yak (13)]
 15950 | Lair:2   | Found a staircase to the Snake Pit.
 15967 | Lair:2   | Reached skill level 14 in Axes
 17437 | Lair:3   | Reached XP level 13. HP: 110/116 MP: 12/12
 18356 | D:1      | Bought a ring of poison resistance for 240 gold pieces
 19717 | Lair:4   | Reached skill level 5 in Shields
 20118 | Lair:4   | Found a staircase to the Swamp.
 20272 | Lair:4   | Reached skill level 15 in Axes
 20653 | Lair:5   | Found a gate leading to a gauntlet.
 20661 | Gauntlet | Entered a Gauntlet
 20661 | Gauntlet | Found a transporter.
 20833 | Gauntlet | Found a transporter.
 20935 | Gauntlet | Found a transporter.
 20935 | Gauntlet | Found a transporter.
 20938 | Gauntlet | Found a runed translucent door.
 20941 | Gauntlet | Identified the +1 cloak of Texzifa {*Slow rPois Dex+3}
 20949 | Gauntlet | Found a runed translucent door.
 20994 | Gauntlet | Found a transporter.
 20995 | Gauntlet | Found a transporter.
 21002 | Gauntlet | Found a transporter.
 21222 | Gauntlet | Found a transporter.
 21222 | Gauntlet | Found a transporter.
 21281 | Gauntlet | Identified the +0 hat "Edghal" {Int+3}
 21320 | Gauntlet | Noticed a minotaur
 21330 | Gauntlet | Killed a minotaur
 21616 | Gauntlet | Identified the +1 leather armour "Ovuokhloh" {rC+ Regen+
                  | Slay-4}
 21644 | Lair:5   | Found a runed translucent door.
 21644 | Lair:5   | Found a viscous altar of Jiyva.
 21644 | Lair:5   | Noticed an azure jelly
 21645 | Lair:5   | Found a staircase to the Slime Pits.
 21645 | Lair:5   | Noticed an azure jelly
 21849 | Lair:5   | Reached skill level 10 in Maces & Flails
 22579 | Lair:6   | Entered Level 6 of the Lair of Beasts
 22902 | Lair:6   | Reached XP level 14. HP: 88/127 MP: 13/13
 22904 | Lair:6   | Reached ***** piety under Trog
 22905 | Lair:6   | Reached skill level 10 in Crossbows
 23099 | Lair:6   | Reached skill level 1 in Stealth
 23826 | Lair:6   | Paralysed by a hornet for 1 turns
 25982 | D:8      | Bought a scroll of enchant weapon for 105 gold pieces
 26355 | Lair:6   | Received a gift from Trog
 26604 | Lair:6   | Reached skill level 5 in Dodging
 26787 | Lair:6   | Reached skill level 16 in Axes
 29807 | Orc:1    | Entered Level 1 of the Orcish Mines
 30268 | Orc:1    | Found Takeari's Armour Emporium.
 30415 | Orc:1    | You are sucked into a shaft and drop 1 floor!
 30415 | Orc:2    | Entered Level 2 of the Orcish Mines
 30434 | Orc:1    | Reached XP level 15. HP: 137/137 MP: 14/14
 30769 | D:1      | Bought the ring of Gaumpeah {MP+9 Dex+7 SInv} for 667 gold
                  | pieces
 30993 | D:13     | Reached skill level 10 in Evocations
 31469 | D:13     | Identified a scroll of acquirement
 31469 | D:13     | Acquired the +6 executioner's axe "Ovoe" {vorpal, Int+5
                  | SInv}
 32045 | D:13     | Noticed Azrael
 32056 | D:13     | Killed Azrael
 32698 | D:14     | Received a gift from Trog
 32806 | D:14     | Reached skill level 17 in Axes
 33626 | D:14     | HP: 5/139 [vault guard/+0 war axe (19)]
 33626 | D:14     | Slain by a vault guard

Illustrated notes

Levels and vault maps discovered:
D:1:      lemuel_arrival_river_bridge, layout_basic,
          shapermc_ecumenical_altar_mp_highgroup, serial_shops, shop_fountains,
          shop, nicolae_shop_stone, nicolae_shop_behind_doors,
          nicolae_square_shop
D:2:      layout_loops_corners
D:3:      wad_woods_tower, layout_basic, ebering_ghost_rock_garden
D:4:      layout_gridville, minmay_temple_entry_slanted, wad_orctagon,
          uniq_natasha, uniq_crazy_yiuf_cottage, uniq_duvessa
D:5:      layout_basic, ebering_ghost_disaster_area, solitary_fountain,
          uniq_edmund
D:6:      layout_cave_pods, nicolae_shop_sticking_my_neck_out
D:7:      layout_cave_pools, gammafunk_ghost_arena, minmay_manual_moon
D:8:      layout_gridville, serial_shops, shop, uniq_prince_ribbit1, uniq_pikel
D:9:      layout_cave_pods, ashenzari_conservatory_becter, hangedman_minor_magic
D:10:     layout_long_grid
D:11:     layout_loops_ring, grunt_lair_entry_orc_guard_hut, orc_0_dummy
D:12:     layout_layer_cave, nrook_pool_corridor
D:13:     layout_basic, uniq_azrael
D:14:     layout_loops_ring, ximxim_vaults_locker_room,
          hangedman_abyss_or_decor_clamps
Lair:1:   statuecave_lemuel, layout_cave_pods
Lair:2:   layout_roguey, minmay_snake_entry_guardpost_small
Lair:3:   layout_big_grid, serial_bayou_lagoon_b
Lair:4:   layout_concentric_octagons, minmay_swamp_entry_worms
Lair:5:   lemuel_slime, layout_loops_ring, slime_altar_2, gauntlet_entry_generic
Lair:6:   hangedman_lair_tendril_chambers, layout_layer_cave, special_room
          [special_room_mythical_zoo]
Orc:1:    layout_diamond_mine, serial_shops, nicolae_shop_stone
Orc:2:    grunt_orc_cross, layout_caves, gammafunk_ghost_split, uniq_sonja

Skill      XL: |  1  2  3  4  5  6  7  8  9 10 11 12 13 14 15 |
---------------+----------------------------------------------+-----
Polearms       | 1 2 3 4 5 6 |  6.5
Fighting       | 4 5 6 7 8 9 10 11 12 13 14 | 14.6
Throwing       | 1 2 3 4 6 7 |  7.4
Evocations     | 1 2 3 4 5 7 8 9 10 | 10.0
Axes           | 5 7 9 11 12 14 15 16 17 | 17.4
Maces & Flails | 2 4 6 7 9 10 | 10.1
Crossbows      | 4 7 9 10 | 10.2
Shields        | 3 6 |  6.5
Stealth        | 4 |  4.5
Dodging        | 5 6 |  6.0
Armour         | |  2.4

Action                   |  1- 3 |  4- 6 |  7- 9 | 10-12 | 13-15 || total
-------------------------+-------+-------+-------+-------+-------++-------
Melee: Spear             |    41 |       |       |       |       ||    41
       Hand axe          |     5 |       |       |       |       ||     5
       Headbutt          |     8 |     9 |    34 |   111 |   172 ||   334
       Trident           |    32 |    11 |       |       |       ||    43
       Halberd           |       |    49 |    10 |       |       ||    59
       War axe           |       |       |    50 |       |       ||    50
       Flail             |       |       |   143 |   505 |   511 ||  1159
       Punch             |       |       |     3 |     4 |       ||     7
       Broad axe         |       |       |       |       |   187 ||   187
       Executioner's axe |       |       |       |       |    89 ||    89
 Fire: Hunting sling     |    14 |    34 |    21 |    34 |       ||   103
       Hand crossbow     |       |       |       |    52 |   120 ||   172
Throw: Stone             |    39 |       |       |       |       ||    39
       Boomerang         |       |    11 |     7 |    26 |    73 ||   117
       Dart              |       |       |     8 |     6 |    54 ||    68
       Javelin           |       |       |       |       |     5 ||     5
Invok: Berserk           |     2 |     3 |     5 |    17 |    13 ||    40
       Trog's Hand       |     1 |     6 |     4 |    16 |    29 ||    56
Evoke: Wand              |       |     1 |     1 |    11 |    19 ||    32
       Tin of tremorston |       |       |       |       |     3 ||     3
       Phantom mirror    |       |       |       |       |     1 ||     1
  Use: Scroll            |     1 |     9 |    10 |    16 |    15 ||    51
       Potion            |       |       |       |     7 |     2 ||     9
 Stab: Sleeping          |     1 |       |       |       |       ||     1
       Invisible         |       |       |       |     1 |       ||     1
       Petrified         |       |       |       |       |     4 ||     4
Armor: Animal skin       |     8 |       |       |       |       ||     8
       Chain mail        |    24 |    32 |   138 |    68 |       ||   262
       Plate armour      |       |       |       |   290 |   307 ||   597
Dodge: Dodged            |    30 |    19 |    97 |   182 |   170 ||   498
       Repelled          |       |       |       |       |     2 ||     2
Block: Kite shield       |       |       |       |   145 |   474 ||   619
       Reflection        |       |       |       |       |    11 ||    11
       Other             |       |       |       |       |    17 ||    17

Table legend: (Time is in decaauts)
 A = Elapsed time spent in this place.
 B = Non-inter-level travel time spent in this place.
 C = Inter-level travel time spent in this place.
 D = Time resting spent in this place.
 E = Time spent auto-exploring this place.
 F = Levels seen in this place.
 G = Mean time per level.
                   A        B        C        D        E       F      G
               +--------+--------+--------+--------+--------+-----+--------+
         Total |  34119 |  31279 |   2840 |   9573 |  16601 |  23 | 1483.4 |
       Dungeon |  19554 |  17464 |   2090 |   4024 |  10602 |  14 | 1396.7 |
          Lair |  13187 |  12437 |    750 |   4806 |   5706 |   6 | 2197.8 |
  Orcish Mines |    404 |    404 |      0 |      4 |    251 |   2 |  202.0 |
      Gauntlet |    974 |    974 |      0 |    738 |     41 |   1 |  974.0 |
               +--------+--------+--------+--------+--------+-----+--------+

Top non-repeatable levels by time:
  Lair:6: 4845 daAuts
  Lair:2: 2436 daAuts
    D:12: 2184 daAuts
     D:9: 2009 daAuts
  Lair:1: 1837 daAuts
    D:11: 1734 daAuts
     D:3: 1560 daAuts
     D:1: 1496 daAuts
    D:13: 1414 daAuts
    D:10: 1406 daAuts
  Lair:5: 1398 daAuts
  Lair:3: 1385 daAuts
     D:6: 1333 daAuts
  Lair:4: 1282 daAuts
     D:7: 1229 daAuts
